 Dungeon Crawl Stone Soup version 0.29.1-2-gbd0b4ee654 (webtiles) character file.

Game seed: 14771783617581805838

346 GorkyZ the Trooper (level 6, -1/39 HPs)
             Began as a Gargoyle Fighter on Nov 27, 2022.
             Slain by an orc
             ... wielding a +0 whip
              (4 damage)
             ... on level 6 of the Dungeon.
             The game lasted 00:07:00 (3856 turns).

GorkyZ the Trooper (Gargoyle Fighter)               Turns: 3856, Time: 00:07:02

Health: -1/39      AC: 13    Str: 22    XL:     6   Next: 59%
Magic:  6/6        EV:  9    Int:  8    God:
Gold:   269        SH:  5    Dex:  9    Spells: 5/5 levels left

rFire   . . .      SeeInvis .   a - +0 war axe
rCold   . . .      Faith    .   c - +1 buckler
rNeg    + . .      Spirit   .   b - +0 scale mail
rPois   ∞          Reflect  .   i - +0 helmet
rElec   +          Harm     .   (no cloak)
rCorr   .          Rampage  .   o - +0 pair of gloves
Will    .....                   (no boots)
Stlth   ..........              (no amulet)
HPRegen 0.13/turn               (no ring)
MPRegen 0.10/turn               (no ring)

@: no status effects
A: sickness immunity, AC +4, negative energy resistance 1, electricity
resistance, torment resistance 1, petrification resistance
a: no special abilities


You were on level 6 of the Dungeon.
You visited 1 branch of the dungeon, and saw 5 of its levels.

You collected 269 gold pieces.

Inventory:

Hand Weapons
 a - a +0 war axe (weapon)
 f - a +0 dagger of venom
Missiles
 q - 5 curare-tipped darts (quivered)
 y - 2 throwing nets
 A - 6 poisoned darts
Armour
 b - a +0 scale mail (worn)
 c - a +1 buckler (worn)
 i - a +0 helmet (worn)
 o - a +0 pair of gloves (worn)
Jewellery
 m - a ring of fire
Wands
 r - a wand of roots (5)
Scrolls
 h - a scroll of fog
 k - a scroll of teleportation
Potions
 d - a potion of might
 e - a potion of ambrosia
 g - a potion of mutation {unknown}
 j - a potion of magic
 p - 3 potions of heal wounds
 v - 2 potions of attraction {unknown}
 x - a potion of brilliance {unknown}
 z - a potion of curing {unknown}


   Skills:
 + Level 4.3 Fighting
 + Level 2.8 Axes
 + Level 1.8 Throwing
 + Level 4.3 Armour
 + Level 1.5 Dodging
 + Level 4.2 Shields
 + Level 1.9 Evocations


You had 5 spell levels left.
You didn't know any spells.
Your spell library was empty.

Dungeon Overview and Level Annotations

Branches:
Dungeon (4/15)
 Temple: D:4-7

Altars:
Wu Jian


Innate Abilities, Weirdness & Mutations

You are immune to sickness and miasma.
Your stone body is resilient. (AC +4)
You are immune to poison.
You resist negative energy. (rN+)
You are resistant to electric shocks. (rElec)
You are resistant to unholy torment.
You are immune to petrification.


Message History

The necrophage hits you but does no damage.
The gnoll hits you but does no damage.
You closely miss the gnoll. You hit the necrophage.
The gnoll hits you but does no damage.
The necrophage hits you but does no damage.
You hit the gnoll.
The gnoll is moderately wounded.
You hit the necrophage but do no damage.
The gnoll hits you with a +0 spear. The necrophage closely misses you.
You completely miss the gnoll.
The gnoll is moderately wounded.
You slash the necrophage! The gnoll closely misses you.
The necrophage hits you but does no damage.
The gnoll hits you but does no damage. You block the necrophage's attack.
You hit the gnoll but do no damage.
The gnoll is moderately wounded.
You hit the necrophage. The gnoll hits you with a +0 spear.
The necrophage closely misses you.
You slash the gnoll!
The gnoll is severely wounded.
You slash the necrophage!
You destroy the necrophage!
The gnoll hits you with a +0 spear.
* * * LOW HITPOINT WARNING * * *
You barely miss the gnoll.
The gnoll is severely wounded.
You closely miss the orc. The gnoll closely misses you.
The orc barely misses you. You block the gnoll's attack.
The orc barely misses you.
You barely miss the gnoll.
The gnoll is severely wounded.
You barely miss the orc. You closely miss the orc. The gnoll barely misses you.
The orc barely misses you. You block the orc's attack.
You closely miss the gnoll.
The gnoll is severely wounded.
You barely miss the orc. You hit the orc but do no damage.
The gnoll hits you with a +0 spear!
* * * LOW HITPOINT WARNING * * *
The orc hits you with a +0 whip.
You die...

#.# #.# #.# ######### #.#
#.......# #.# #.#####.# #.#
#######.#### .# #.#.#####
.........g.# .# #.#......
#######.##@##o#####.#.#####
#.##oooo......#.#
#.#####!######..# #.# .#
#..# ## #.# .# #..#
....####.# #.######..#
.........# #.........#
###.###..# ########.##
#......# #.#


You could see a gnoll and 4 orcs.

Vanquished Creatures
  A phantom (D:4)
  A bullfrog (D:6)
  A necrophage (D:6)
  A hound (D:6)
  An orc priest (D:3)
  An adder (D:2)
  A worm (D:2)
  5 dart slugs
  4 orcs (D:3)
  8 bats
  8 endoplasms
  4 giant cockroaches
  7 goblins
  6 hobgoblins
  4 kobolds
  2 quokkas
  6 ball pythons
  2 frilled lizards
  7 rats
70 creatures vanquished.

Vanquished Creatures (others)
  A plant (D:2)
1 creature vanquished.

Grand Total: 71 creatures vanquished

Notes
Turn   | Place    | Note
-------+----------+-------------------------------------------
     0 | D:1      | GorkyZ the Gargoyle Fighter began the quest for the Orb.
     0 | D:1      | Reached XP level 1. HP: 14/14 MP: 1/1
   152 | D:1      | Reached XP level 2. HP: 19/19 MP: 2/2
   854 | D:1      | Reached XP level 3. HP: 23/23 MP: 3/3
  1633 | D:2      | Found an ornate altar of the Wu Jian Council.
  1708 | D:2      | Found a faded altar of an unknown god.
  1763 | D:2      | HP: 1/24 [frozen (4)]
  2261 | D:2      | Reached XP level 4. HP: 29/29 MP: 4/4
  2341 | D:2      | Reached skill level 1 in Throwing
  2542 | D:2      | Reached skill level 1 in Evocations
  3020 | D:3      | Reached XP level 5. HP: 25/33 MP: 5/5
  3380 | D:3      | Reached skill level 1 in Dodging
  3661 | D:4      | Noticed a phantom
  3668 | D:4      | Killed a phantom
  3765 | D:4      | You fall into a shaft and drop 2 floors!
  3837 | D:6      | Reached XP level 6. HP: 25/38 MP: 6/6
  3856 | D:6      | Slain by an orc

Illustrated notes

Levels and vault maps discovered:
D:1:      minmay_arrival_stone_box, layout_loops_ring
D:2:      minmay_wonky_spiral, layout_basic,
          shapermc_ecumenical_altar_mp_urbaneastern, basic_altar,
          minmay_pentomino_v4
D:3:      layout_basic, serial_curves, eino_curves_03, eino_curves_03
D:4:      layout_layer_cave, bloody_makhleb
D:6:      layout_loops_ring, kennysheep_mini_moat, serial_shops, shop

Skill      XL: |  1  2  3  4  5 |
---------------+----------------+-----
Axes           | 2 |  2.8
Throwing       | 1 |  1.8
Evocations     | 1 |  1.9
Dodging        | 1 |  1.5
Fighting       | 4 |  4.3
Armour         | 4 |  4.3
Shields        | 4 |  4.2

Action                   |  1- 3 |  4- 6 || total
-------------------------+-------+-------++-------
Melee: War axe           |    18 |    31 ||    49
       Dagger            |   159 |   112 ||   271
  Use: Scroll            |       |    11 ||    11
Armor: Scale mail        |    84 |    92 ||   176
Dodge: Dodged            |    59 |    83 ||   142
Block: Buckler           |    29 |    36 ||    65
